 Dungeon Crawl Stone Soup version 0.32-a0-135-g14f8b2e1af (webtiles) character file.

Game seed: 8963455081595172612

3854 iamserjio the Grappler (level 9, 2/71 (75) HPs)
             Began as a Demigod Reaver on Feb 10, 2024.
             Quit the game on level 7 of the Dungeon.
             The game lasted 00:25:21 (2901 turns).

iamserjio the Grappler (Demigod Reaver)             Turns: 2901, Time: 00:25:22

HP:   2/71 (75)     AC:  9    Str: 13    XL:     9   Next: 67%
MP:   15/15         EV: 12    Int: 27    God:
Gold: 41            SH:  4    Dex: 12    Spells: 5/12 levels left

rFire   . .          .
                       - Unarmed
rCold   . . .        c - +0 buckler
rNeg    . . .        i - +0 ring mail
rPois   .            d - +0 helmet
rElec   .            v - +1 cloak
rCorr   .            b - +0 pair of gloves
SInv    .            (no boots)
Will    .....        (no amulet)
Stlth   +            (no ring)
HPRegen 0.31/turn    (no ring)
MPRegen 0.14/turn

%: no passive effects
@: drained
A: high MP 1, forlorn, divine attributes, fangs 1
a: no special abilities


You were on level 7 of the Dungeon.
You visited 1 branch of the dungeon, and saw 7 of its levels.
You also visited: Ossuary and Bailey.

You collected 145 gold pieces.
You spent 104 gold pieces at shops.

Inventory:

Hand Weapons
 e - a +2 dagger of protection
 f - a +0 sling
 k - a +2 short sword of venom
 o - a +0 heavy glaive
 p - a +3 falchion
 r - a +5 great sword
Missiles
 j - 10 poisoned darts
 l - 4 boomerangs
Armour
 a - a +0 leather armour
 b - a +0 pair of gloves (worn)
 c - a +0 buckler (worn)
 d - a +0 helmet (worn)
 i - a +0 ring mail (worn)
 v - a +1 cloak (worn)
Wands
 x - a wand of flame (4)
Potions
 h - 3 potions of degeneration
 u - a potion of attraction


   Skills:
 - Level 6.0 Fighting
 - Level 6.8 Dodging
 + Level 2.4 Shields
 * Level 11.8 Unarmed Combat
 - Level 2.0 Spellcasting
 - Level 2.6 Conjurations
 - Level 2.0 Evocations


You had 5 spell levels left.
You knew the following spells:

 Your Spells              Type           Power      Damage    Failure   Level
a - Kiss of Death         Conj/Necr      36%        2d8       17%         1
b - Momentum Strike       Conj/Tloc      18%        3d8       26%         2
c - Hailstorm             Conj/Ice       9%         3d6       45%         3
d - Apportation           Tloc           4%         N/A       28%         1

Your spell library contained the following spells:

 Spells                   Type           Power      Damage    Failure   Level
 Shock                    Conj/Air       36%        1d5       17%         1
 Sting                    Conj/Alch      36%        1d5       17%         1
 Necrotise                Necr           8%         1d4       28%         1
 Summon Small Mammal      Summ           8%         N/A       28%         1
 Ensorcelled Hibernation  Hex/Ice        4%         N/A       41%         2
 Confusing Touch          Hex            2%         N/A       65%         3
 Passwall                 Erth           2%         N/A       65%         3
 Swiftness                Air            2%         N/A       65%         3
 Airstrike                Air            1%         2d(1-17)  96%         4
 Dispel Undead            Necr           2%         3d7       96%         4


Dungeon Overview and Level Annotations

Branches:
Dungeon (7/15) Zot: 26725 Ossuary (visited)          Bailey (visited)
 Temple: D:4-7

Shops:
D:5 !((*!

Annotations:
D:4 Edmund


Innate Abilities, Weirdness & Mutations

You have an increased reservoir of magic. (+10% MP)
You shall have no god before yourself.
Your divine heritage dramatically boosts your attributes as you level up.
You have very sharp teeth.


Message History

Aiming: Momentum Strike (dangerous; 26% risk of failure)
Press: ? - help, Dir - move target, f - vampire mosquito
Aim: a vampire mosquito (lightly damaged, 48% to hit)
Okay, then.
Okay, then.
You aren't carrying any scrolls.
Unknown command.
You punch the vampire mosquito! The vampire mosquito bites you.
* * * LOW HITPOINT WARNING * * *
The vampire mosquito draws strength from your injuries!
Throw: throwing net {!f}
Press: ? - help, Q - select action, (/) - cycle Shift-Dir - straight line, f - vampire mosquito
Aim: a vampire mosquito (heavily damaged, 38% to hit)
You throw a throwing net {!f}.
The throwing net {!f} misses the vampire mosquito.
The vampire mosquito closely misses you. x2
You punch the vampire mosquito! The vampire mosquito barely misses you.
The vampire mosquito bites you but does no damage.
You punch the vampire mosquito!
You destroy the vampire mosquito!
A vampire mosquito comes into view.
The vampire mosquito buzzes angrily.
Okay, then.
You block the vampire mosquito's attack.
The vampire mosquito bites you but does no damage.
The vampire mosquito completely misses you.
You see here a throwing net {!f}.
w - a throwing net {!f} The vampire mosquito bites you but does no damage.
The vampire mosquito bites you.
* * * LOW HITPOINT WARNING * * *
The vampire mosquito draws strength from your injuries!
Throw: throwing net {!f}
Press: ? - help, Q - select action, (/) - cycle Shift-Dir - straight line, f - vampire mosquito
Aim: a vampire mosquito (38% to hit)
You throw a throwing net {!f}.
The throwing net {!f} misses the vampire mosquito.
The vampire mosquito bites you.
* * * LOW HITPOINT WARNING * * *
The vampire mosquito draws strength from your injuries!

.##...............#
..#...............#
..#.......<.......#
#.†...............#
#.................#
..................#
..................#
..................#
....#....(..)..y@##
...###...........#
..## ##..........#
.## ##.........# ##
###.......# #
##..#..## ##..###
##.


You could see a vampire mosquito.

Vanquished Creatures
  A wraith (D:7)
  A wyvern (D:6)
  2 vampire mosquitoes (D:7)
  4 orc warriors (Bailey)
  A black bear (D:5)
  A centaur (D:5)
  A weeping skull (Ossuary)
  2 bullfrogs (D:7)
  A scorpion (D:6)
  5 water moccasin zombies (Ossuary)
  A wight (D:5)
  9 killer bees (D:7)
  2 hounds
  3 orc priests
  2 bombardier beetles
  A sleepcap (D:5)
  3 iguanas
  3 orc wizards
  3 crocodile zombies (Ossuary)
  2 mummies (Ossuary)
  Robin (D:2)
  4 adders
  A shadow imp (D:7)
  2 ufetubi (D:6)
  4 adder zombies (Ossuary)
  2 ribbon worms (D:3)
  23 orcs
  3 bats
  5 endoplasms
  2 giant cockroaches (D:1)
  15 goblins
  4 hobgoblins (D:2)
  7 jackals
  3 quokkas
  4 ball pythons
  A frilled lizard (D:2)
  6 gnoll zombies (Ossuary)
  5 kobolds
  3 orc zombies (Ossuary)
  A spectral goblin (D:2)
144 creatures vanquished.

Notes
Turn   | Place    | Note
-------+----------+-------------------------------------------
     0 | D:1      | iamserjio the Demigod Reaver began the quest for the Orb.
     0 | D:1      | Reached XP level 1. HP: 17/17 MP: 5/5
   120 | D:2      | Noticed Robin
   132 | D:2      | Reached skill level 3 in Unarmed Combat
   135 | D:2      | Reached XP level 2. HP: 24/24 MP: 7/7
   159 | D:2      | Killed Robin
   198 | D:2      | Learned a level 2 spell: Momentum Strike
   212 | D:2      | Reached XP level 3. HP: 21/29 MP: 8/8
   276 | D:2      | Learned a level 3 spell: Hailstorm
   422 | D:2      | Reached skill level 4 in Unarmed Combat
   507 | D:3      | Reached XP level 4. HP: 34/36 MP: 9/9
   774 | D:5      | Entered Level 5 of the Dungeon
   839 | D:4      | Noticed Edmund
   897 | D:4      | Reached skill level 5 in Unarmed Combat
   946 | D:4      | Found a sand-covered staircase.
   988 | Ossuary  | Entered an ossuary
   992 | Ossuary  | Noticed a weeping skull
   995 | Ossuary  | Killed a weeping skull
   996 | Ossuary  | Reached XP level 5. HP: 21/38 MP: 10/10
  1034 | Ossuary  | Reached skill level 6 in Unarmed Combat
  1052 | Ossuary  | Reached XP level 6. HP: 14/48 MP: 11/11
  1205 | Ossuary  | Gained mutation: You have very sharp teeth. [potion of
                  | mutation]
  1397 | Ossuary  | Reached skill level 7 in Unarmed Combat
  1623 | D:4      | Reached XP level 7. HP: 44/55 MP: 13/13
  1764 | D:5      | Found Dafaoxuwn's Antique Weapon Boutique.
  1765 | D:5      | Found Fuutheh's Assorted Antiques.
  1767 | D:5      | Found Doenoes's Weapon Emporium.
  1767 | D:5      | Found Jiatipau's Distillery.
  1775 | D:5      | Bought a potion of heal wounds for 70 gold pieces
  1806 | D:5      | Bought a scroll labelled LATAIJ FUECVEWIE for 24 gold
                  | pieces
  1879 | D:5      | Reached skill level 1 in Evocations
  1961 | D:6      | Noticed a wyvern
  2048 | D:5      | Found Dirch's Distillery.
  2052 | D:5      | Bought a potion of degeneration for 10 gold pieces
  2081 | D:5      | Reached skill level 8 in Unarmed Combat
  2169 | D:6      | Reached skill level 5 in Fighting
  2169 | D:6      | Reached skill level 11 in Unarmed Combat
  2169 | D:6      | Reached XP level 8. HP: 21/69 MP: 14/14
  2176 | D:6      | Reached XP level 9. HP: 28/74 MP: 15/15
  2455 | D:7      | Reached skill level 1 in Shields
  2544 | D:7      | Found a flagged portal.
  2562 | Bailey   | Entered a bailey
  2820 | Bailey   | Noticed an orc knight
  2849 | D:7      | Learned a level 1 spell: Apportation
  2900 | D:7      | HP: 2/71 [vampire mosquito (5)]
  2901 | D:7      | Quit the game

Illustrated notes

Levels and vault maps discovered:
D:1:      mainiacjoe_arrival_reflecting_pool, layout_loops_ring, serial_shops,
          nicolae_shop_pleasant_corner_grove, roderic_serpentine_path,
          hangedman_abyss_or_decor_lesser_grid, kennysheep_flooded_box,
          minmay_small_reverse_x
D:2:      layout_loops_cross, basic_altar,
          dreamdust_ecumenical_altar_drowned_temple, uniq_crazy_yiuf_cottage,
          uniq_robin
D:3:      layout_basic, dk_noncrumbling_4, guppyfry_early_orc_mine
D:4:      layout_basic, chequers_ossuary_entry_cave, serial_shops,
          nicolae_shop_just_a_little_nook, uniq_edmund
D:5:      layout_basic, serial_shops, nicolae_shop_behind_doors,
          nicolae_wooded_promenade, nicolae_specific_store
D:6:      layout_loops_ring, minmay_temple_entry_drinking_statues, st_stairs_3
D:7:      layout_cave_pods, enter_bailey_3, serial_column_ruins,
          column_ruins_hut, column_ruins_hut, column_ruins_grid_1,
          column_ruins_open_small, column_ruins_corridor_straight,
          column_ruins_columns_straight, column_ruins_grid_2

Skill      XL: |  1  2  3  4  5  6  7  8  9 |
---------------+----------------------------+-----
Spellcasting   | 2 |  2.0
Fighting       | 2 5 6 |  6.0
Unarmed Combat | 3 4 5 6 7 11 | 11.8
Dodging        | 2 3 6 |  6.8
Evocations     | 2 |  2.0
Shields        | 2 |  2.4
Conjurations   | |  2.6

Action                     |  1- 3 |  4- 6 |  7- 9 || total
---------------------------+-------+-------+-------++-------
  Melee: Unarmed           |   133 |   174 |   266 ||   573
         Punch             |     6 |     9 |     8 ||    23
         Short sword       |       |    36 |       ||    36
         Glaive            |       |    18 |     4 ||    22
         Bite              |       |    12 |    30 ||    42
  Throw: Dart              |       |     1 |     5 ||     6
         Throwing net      |       |       |     3 ||     3
   Cast: Kiss of Death     |     1 |     2 |     4 ||     7
         Momentum Strike   |       |       |     1 ||     1
  Evoke: Wand              |       |       |    26 ||    26
    Use: Scroll            |       |     9 |     5 ||    14
         Potion            |       |     2 |    10 ||    12
   Stab: Paralysed         |       |       |    17 ||    17
 Armour: Leather armour    |    45 |       |       ||    45
         Ring mail         |    26 |   121 |   166 ||   313
  Dodge: Dodged            |    71 |    93 |   147 ||   311
  Block: Buckler           |       |       |    21 ||    21

Table legend: (Time is in decaauts)
 A = Elapsed time spent in this place.
 B = Non-inter-level travel time spent in this place.
 C = Inter-level travel time spent in this place.
 D = Time resting spent in this place.
 E = Time spent auto-exploring this place.
 F = Levels seen in this place.
 G = Mean time per level.
                   A        B        C        D        E       F      G
               +--------+--------+--------+--------+--------+-----+--------+
         Total |   3288 |   3172 |    116 |      2 |     21 |   9 |  365.3 |
       Dungeon |   2089 |   1973 |    116 |      2 |     21 |   7 |  298.4 |
       Ossuary |    838 |    838 |      0 |      0 |      0 |   1 |  838.0 |
        Bailey |    361 |    361 |      0 |      0 |      0 |   1 |  361.0 |
               +--------+--------+--------+--------+--------+-----+--------+

Top non-repeatable levels by time:
 Ossuary: 838 daAuts
     D:4: 391 daAuts
     D:5: 376 daAuts
  Bailey: 361 daAuts
     D:2: 345 daAuts
     D:6: 301 daAuts
     D:3: 293 daAuts
     D:7: 274 daAuts
     D:1: 106 daAuts
